 Dungeon Crawl Stone Soup version 0.27-a0-1139-g28e009f8a6 (webtiles) character file.

Game seed: 6615183834025806036

12 Zeld the Chopper (level 2, -8/21 HPs)
             Began as an Octopode Berserker on May 7, 2021.
             Was a Follower of Trog.
             Killed from afar by an orc wizard (13 damage)
             ... with a puff of flame
             ... on level 3 of the Dungeon.
             The game lasted 00:00:37 (200 turns).

Zeld the Chopper (Octopode Berserker)                Turns: 200, Time: 00:00:38

Health: -8/21      AC:  1    Str: 16    XL:     2   Next: 33%
Magic:  2/2        EV: 13    Int:  9    God:    Trog [*.....]
Gold:   11         SH:  0    Dex: 11    Spells: 1/1 levels left

rFire    . . .     SeeInvis .   a - +0 hand axe
rCold    . . .     Faith    .   (no shield)
rNeg     . . .     Spirit   .   (helmet restricted)
rPois    .         Reflect  .   (no amulet)
rElec    .         Harm     .   (no ring)
rCorr    .         Rampage  .   (no ring)
Will     .....                  (no ring)
Stlth    ++........             (no ring)
HPRegen  0.07/turn              (no ring)
MPRegen  0.08/turn              (no ring)
                                (no ring)
                                (no ring)

@: on berserk cooldown, slowed, very slow
A: almost no armour, amphibious, 8 rings, camouflage 1, gelatinous body 1,
(nimble swimmer 1), tentacles
a: Renounce Religion, Berserk


You were on level 3 of the Dungeon.
You worshipped Trog.
Trog was aware of your devotion.
You visited 1 branch of the dungeon, and saw 3 of its levels.

You collected 11 gold pieces.

Inventory:

Hand Weapons
 a - a +0 hand axe (weapon)
Scrolls
 b - a scroll of amnesia {unknown}


   Skills:
 * Level 3.3 Fighting
 * Level 3.3 Axes
 - Level 3.0 Dodging


You had one spell level left.
You didn't know any spells.
Your spell library was empty.

Dungeon Overview and Level Annotations

Branches:
Dungeon (3/15)

Altars:


Innate Abilities, Weirdness & Mutations

You cannot wear most types of armour.
You are amphibious.
You can wear up to eight rings at the same time.
Your skin changes colour to match your surroundings (Stealth+).
Your rubbery body absorbs attacks. (AC +1, EV +1)
((You are camouflaged near water. (Stealth+)))
You have tentacles for arms and can constrict up to eight enemies at once.


Message History

Trog accepts your kill.
No target in view!
No target in view!
You now have 11 gold pieces.
b - a scroll labelled XEOTTE HAEJUB You see here a +0 club.
An orc priest comes into view. It is wielding a +0 flail.
An orc priest is nearby!
A red film seems to cover your vision as you go berserk!
You feel yourself moving faster!
You feel mighty!
The orc priest shouts!
You hear a shout! x2
An orc comes into view. It is wielding a +0 dagger.
You feel a strong urge to attack something.
An orc wizard comes into view. It is wielding a +0 dagger.
The orc wizard shouts!
The orc priest invokes the aid of Beogh against you.
Beogh smites you!
You feel your anger nearly subside.
The orc wizard casts a spell at itself.
The orc wizard flickers and vanishes!
Deactivating autopickup; reactivate with Ctrl-A.
You are no longer berserk.
You are exhausted.
You feel yourself slow down. Something hits you.
The orc priest invokes the aid of Beogh against you.
Pain shoots through your body! The orc hits you with a +0 dagger.
You are too injured to fight recklessly!
You are too injured to fight recklessly!
You are too injured to fight recklessly!
Unknown command.
You closely miss something. You squeeze something. You hit the orc.
Something hits you.
* * * LOW HITPOINT WARNING * * *
The orc closely misses you.
You hear some strange, mumbled words.
A puff of flame appears from out of thin air!
The puff of flame hits you!
Ouch! That really hurt!
You die...

.. ... ..
....
.######.....
.....+.....
....#.....
.......
#o{.# #@o.#
#...# #...#
#...######
#.........
#..######
#..# #..#
#..#


You could see an orc priest and an orc.

Vanquished Creatures
  An adder (D:3)
  2 goblins (D:3)
  A kobold (D:3)
4 creatures vanquished.

Notes
Turn   | Place    | Note
-------+----------+-------------------------------------------
     0 | D:1      | Zeld the Octopode Berserker began the quest for the Orb.
     0 | D:1      | Reached XP level 1. HP: 16/16 MP: 1/1
    47 | D:3      | Reached XP level 2. HP: 21/21 MP: 2/2
   200 | D:3      | Killed from afar by an orc wizard

Illustrated notes

Levels and vault maps discovered:
D:1:      dpeg_arrival_long_road, layout_rooms, minivault_27,
          nrook_loot_triangle, minmay_small_reverse_x
D:2:      layout_basic, uniq_natasha
D:3:      layout_basic, okawaru_metal_pillars_1_2, marbit_many_paths,
          st_stairs_8, chequers_serial_rivers_small_b, minmay_ruptured

Action                   || total
-------------------------++-------
Melee: Hand axe          ||    13
       Constrict         ||     2
       Tentacles         ||     1
Invok: Berserk           ||     2
Armor: Skin              ||     1
Dodge: Dodged            ||     7

Table legend: (Time is in decaauts)
 A = Elapsed time spent in this place.
 B = Non-inter-level travel time spent in this place.
 C = Inter-level travel time spent in this place.
 D = Time resting spent in this place.
 E = Time spent auto-exploring this place.
 F = Levels seen in this place.
 G = Mean time per level.
                   A        B        C        D        E       F      G
               +--------+--------+--------+--------+--------+-----+--------+
         Total |    206 |    206 |      0 |     42 |    126 |   3 |   68.7 |
       Dungeon |    206 |    206 |      0 |     42 |    126 |   3 |   68.7 |
               +--------+--------+--------+--------+--------+-----+--------+

Top non-repeatable levels by time:
     D:3: 165 daAuts
     D:2: 36 daAuts
     D:1: 4 daAuts
